 Dungeon Crawl Stone Soup version 0.19.5 (webtiles) character file.

1757 Nelagord the Shield-Bearer (level 9, -1/57 HPs)
             Began as a Gargoyle Fighter on Mar 21, 2017.
             Was a Follower of the Shining One.
             Killed by nerve-wracking pain
             ... invoked by an orc priest
              (3 damage)
             ... on level 6 of the Dungeon.
             The game lasted 00:12:52 (4470 turns).

Nelagord the Shield-Bearer (Gargoyle Fighter)       Turns: 4470, Time: 00:12:53

Health: -1/57      AC: 18    Str: 20    XL:     9   Next: 6%
Magic:  3/3        EV:  4    Int:  9    God:    the Shining One [*.....]
Gold:   204        SH: 11    Dex: 17    Spells: 0 memorised, 8 levels left

rFire  . . .     SeeInvis .     i - +0 flail (antimagic)
rCold  . . .     Gourm    .     k - +0 plate armour
rNeg   + . .     Faith    .     c - +0 shield
rPois  ∞         Spirit   .     (no helmet)
rElec  +         Reflect  .     (no cloak)
rCorr  .         Harm     .     (no gloves)
MR     .....                    (no boots)
Stlth  ..........               (no amulet)
                                (no ring)
                                h - +5 ring of dexterity

@: glowing
A: negative energy resistance 1, electricity resistance, unbreathing,
petrification resistance, rot immunity, AC +5
a: Renounce Religion


You were on level 6 of the Dungeon.
You worshipped the Shining One.
The Shining One was aware of your devotion.
You were not hungry.

You visited 1 branch of the dungeon, and saw 6 of its levels.

You collected 204 gold pieces.

Inventory:

Hand Weapons
 a - a +0 flail
 e - a cursed +0 dagger
 i - a +0 antimagic flail (weapon)
 j - a cursed -2 whip
 v - a +2 flail of protection
Armour
 c - a +0 shield (worn)
 k - a +0 plate armour (worn)
Jewellery
 d - an uncursed ring of flight {unknown}
 h - a +5 ring of dexterity (left hand)
 m - a cursed ring of teleportation {unknown}
 p - an uncursed ring of fire {unknown}
 q - an uncursed ring of see invisible {unknown}
 x - a cursed -3 ring of protection {unknown}
Wands
 l - a wand of iceblast (7/15)
Scrolls
 b - a scroll of recharging
 n - a scroll of enchant armour {unknown}
 r - a scroll of identify
 t - a scroll of teleportation
 u - a scroll of blinking
 w - a scroll of magic mapping
Comestibles
 f - a bread ration
 g - a slice of pizza
 o - 5 fruits
 s - a meat ration


   Skills:
 + Level 7.0 Fighting
 + Level 5.9 Maces & Flails
 + Level 6.9 Armour
 + Level 7.2 Shields


You had 8 spell levels left.
You didn't know any spells.

Dungeon Overview and Level Annotations

Branches:
Dungeon (6/15)             Temple (0/1) D:5

Altars:
Cheibriados
Okawaru
Xom
Zin
The Shining One

Annotations:
D:4 Eustachio


Innate Abilities, Weirdness & Mutations

You are resistant to torment.
Your stone body is resilient. (AC +5)
You are immune to poison.
You resist negative energy. (rN+)
You are resistant to electric shocks. (rElec)
You can survive without breathing.
You are immune to petrification.
You are immune to rotting.


Message History

a dagger of venom; a robe; an orc corpse The orc warrior hits you but does no damage.
Things that are here:
a dagger of venom; a robe You closely miss the orc warrior.
The orc warrior is heavily wounded.
The orc warrior hits you but does no damage.
Your shield and plate armour prevent you from hitting the orc warrior.
The orc warrior is heavily wounded.
You block the orc warrior's attack.
You sock the orc warrior!
The orc warrior is almost dead.
The orc warrior hits you but does no damage.
You block the orc warrior's attack.
The orc priest shouts!
You hit the orc warrior.
The orc warrior is almost dead.
The orc priest mumbles some strange prayers to Beogh against you.
Pain shoots through your body!
You die...

#.# ###.## .....
#o.## .. ####...#
... #...§..#
####.##.
#§§....####.......
###o§§...........# #
#§§@§............###
###§§§§§..........##
#§§§§...........##
#§§.............##
#.....>.........##
#...<...........##
#...............##
##.............###
##...........## #


You could see an orc warrior and an orc priest.

Vanquished Creatures
  Grinder (D:5)
  The ghost of Nelagord the Twirler, an amateur DgGl (D:4)
  Edmund (D:5)
  A water moccasin (D:5)
  A centaur (D:5)
  A wyvern skeleton (D:5)
  A scorpion (D:6)
  4 killer bees (D:4)
  A howler monkey (D:4)
  2 crimson imps
  2 bullfrog skeletons
  3 hounds (D:5)
  A centaur skeleton (D:5)
  5 orc wizards
  An iguana (D:6)
  5 worker ants
  A hound skeleton (D:5)
  4 gnolls (D:4)
  5 adders
  2 oozes
  2 worms
  An adder skeleton (D:4)
  3 dart slugs
  2 leopard geckos
  11 orcs
  2 giant cockroaches (D:1)
  10 goblins
  6 hobgoblins
  4 jackals
  2 quokkas
  3 ball pythons
  2 bats
  4 frilled lizards
  12 kobolds
  A quokka skeleton (D:5)
  2 rats (D:2)
110 creatures vanquished.

Notes
Turn   | Place    | Note
-------+----------+-------------------------------------------
     0 | D:1      | Nelagord the Gargoyle Fighter began the quest for the Orb.
     0 | D:1      | Reached XP level 1. HP: 14/14 MP: 1/1
   267 | D:1      | Reached XP level 2. HP: 19/19 MP: 2/2
   535 | D:2      | Reached XP level 3. HP: 14/23 MP: 3/3
   754 | D:2      | Found a glowing silver altar of Zin.
  1144 | D:2      | Reached XP level 4. HP: 26/29 MP: 4/4
  1274 | D:3      | Found a glowing golden altar of the Shining One.
  1316 | D:3      | Became a worshipper of the Shining One
  1661 | D:3      | Found a shimmering altar of Xom.
  2146 | D:4      | Reached XP level 5. HP: 19/33 MP: 1/5
  2149 | D:4      | Reached XP level 6. HP: 20/39 MP: 2/6
  2160 | D:4      | Noticed Eustachio
  2380 | D:4      | Found a snail-covered altar of Cheibriados.
  2454 | D:4      | Noticed Nelagord's ghost (amateur DgGl)
  2480 | D:5      | Entered Level 5 of the Dungeon
  2491 | D:5      | Reached skill level 5 in Shields
  2551 | D:6      | Reached skill level 5 in Fighting
  2726 | D:5      | Reached skill level 5 in Armour
  2726 | D:5      | Reached XP level 7. HP: 33/44 MP: 2/7
  2762 | D:4      | Killed Nelagord's ghost
  3023 | D:5      | Reached XP level 8. HP: 31/51 MP: 2/8
  3144 | D:5      | Found an iron altar of Okawaru.
  3315 | D:5      | Noticed Grinder
  3343 | D:5      | Killed Grinder
  3343 | D:5      | Reached skill level 5 in Maces & Flails
  3471 | D:5      | Noticed Edmund
  3491 | D:5      | Killed Edmund
  3511 | D:5      | Reached * piety under the Shining One
  3518 | D:5      | Found a staircase to the Ecumenical Temple.
  4415 | D:6      | Reached XP level 9. HP: 56/56 MP: 3/9
  4464 | D:6      | HP: 1/57 [orc warrior/hand axe (5)]
  4470 | D:6      | Killed from afar by an orc priest

Skill      XL: |  1  2  3  4  5  6  7  8  9 |
---------------+----------------------------+-----
Shields        | 4 5 6 7 |  7.2
Fighting       | 4 5 6 7 |  7.0
Maces & Flails | 3 4 5 |  5.9
Armour         | 4 5 6 |  6.9

Action                   |  1- 3 |  4- 6 |  7- 9 || total
-------------------------+-------+-------+-------++-------
Melee: Flail             |    93 |   211 |   285 ||   589
  Use: Potion            |     5 |     2 |     1 ||     8
       Scroll            |     2 |     2 |     5 ||     9
 Stab: Invisible         |     3 |       |       ||     3
  Eat: Bread ration      |       |     2 |     1 ||     3
Armor: Scale mail        |    34 |     6 |       ||    40
       Plate armour      |       |   139 |   223 ||   362
       Skin              |       |     2 |       ||     2
Dodge: Dodged            |    40 |    35 |    43 ||   118
Block: Shield            |    49 |   109 |   194 ||   352
